 Dungeon Crawl Stone Soup version 0.27-a0-1196-g3e9cee4cb2 (webtiles) character file.

Game seed: 15028275409236839060

69 Alter the Skirmisher (level 4, 0/35 HPs)
             Began as a Demonspawn Fighter on May 28, 2021.
             Succumbed to a goblin's poison
             ... on level 3 of the Dungeon.
             The game lasted 00:06:21 (2993 turns).

Alter the Skirmisher (Demonspawn Fighter)           Turns: 2993, Time: 00:06:21

Health: 0/35       AC:  7    Str: 17    XL:     4   Next: 2%
Magic:  4/4        EV:  7    Int:  9    God:
Gold:   60         SH:  9    Dex: 13    Spells: 3/3 levels left

rFire    . . .     SeeInvis .   a - +1 flail
rCold    . . .     Faith    .   c - +0 kite shield
rNeg     . . .     Spirit   .   b - +0 scale mail
rPois    .         Reflect  .   (no helmet)
rElec    .         Harm     .   n - +0 cloak
rCorr    .         Rampage  .   (no gloves)
Will     .....                  (no boots)
Stlth    ..........             (no amulet)
HPRegen  0.11/turn              (no ring)
MPRegen  0.09/turn              (no ring)

@: lethally poisoned (0 -> -9)
A: demonic magic 1
a: no special abilities


You were on level 3 of the Dungeon.
You visited 1 branch of the dungeon, and saw 4 of its levels.

You collected 60 gold pieces.

Inventory:

Hand Weapons
 a - a +1 flail (weapon)
Missiles
 g - 31 poisoned darts (quivered)
Armour
 b - a +0 scale mail (worn)
 c - a +0 kite shield (worn)
 n - a +0 cloak (worn)
Magical Staves
 f - a staff of conjuration
Wands
 k - a wand of flame (14)
Scrolls
 o - 2 scrolls of enchant weapon
Potions
 d - a potion of might
 e - a potion of attraction
 h - a potion of cancellation
 j - a potion of brilliance
 m - a potion of mutation


   Skills:
 + Level 3.5 Fighting
 + Level 2.6 Maces & Flails
 + Level 2.9 Armour
 + Level 0.2 Dodging
 + Level 0.2 Stealth
 + Level 3.2 Shields


You had 3 spell levels left.
You didn't know any spells.
Your spell library contained the following spells:

 Spells                   Type           Power      Damage    Failure   Level
 Foxfire                  Conj/Fire      0%         2x1d4     99%         1
 Conjure Flame            Conj/Fire      0%         6-21      100%        3
 Inner Flame              Hex/Fire       0%         N/A       100%        3
 Sticky Flame             Conj/Fire      0%         2d3       100%        4
 Fireball                 Conj/Fire      0%         3d3       100%        5


Dungeon Overview and Level Annotations

Branches:
Dungeon (4/15)
 Temple: D:4-7

Altars:
Okawaru
Wu Jian

Annotations:
D:4 Robin


Innate Abilities, Weirdness & Mutations

Spells you cast may paralyse adjacent enemies.


Message History

You are poisoned.
You block the goblin's attack. The goblin hits you but does no damage.
The goblin hits you with a +0 club.
You climb upwards.
You feel very sick.
There is a stone staircase leading down here.
You feel sick. The goblin hits you with a +0 dagger.
You block the goblin's attack.
You feel sick.
You feel sick.
You feel sick.
You feel sick.
You feel sick.
You are no longer poisoned.
You sock the goblin!
You kill the goblin!
You barely miss the goblin. The goblin hits you but does no damage.
You are poisoned.
The goblin hits you but does no damage.
You are lethally poisoned!
You sock the goblin!
You kill the goblin!
You feel extremely sick. The goblin hits you with a +0 club.
You have reached level 4!
You feel agile.
Okay, then.
Unknown command.
You thump the goblin!
You kill the goblin!
* * * LOW HITPOINT WARNING * * *
You feel very sick. You block the goblin's attack.
You barely miss the goblin.
* * * LOW HITPOINT WARNING * * *
You feel very sick. The goblin barely misses you.
You sock the goblin!
You kill the goblin!
You die...

##.# #..#.#..##.....## ## ##.#
######.#._.#.#.......## ##.
##.###.......#.#...........####..
..............#............+.....
##.###.####.............)..####..
#.#.##.# #..>....##.......## ##.
.###.#.###.###.#####.....## ## ##
##...<......######...## #####
.###.#####.....)@..###'## #....
#.#.## #.#######.# #.######.###
#..## #.# #####.###...........
#.## #.# #............####.## #.#
#.# #.###.##.....##..... #.#
#.###.###.#......#...... #.#
#.........##...#.#...... ..#
#.###.#######........_.. ###
#.....# #.#..#......


There were no monsters in sight!

Vanquished Creatures
  An adder (D:2)
  2 dart slugs (D:3)
  A bat (D:2)
  3 endoplasms
  A giant cockroach (D:3)
  10 goblins
  8 hobgoblins
  2 jackals (D:1)
  7 kobolds
  4 quokkas
  5 ball pythons
  2 frilled lizards (D:3)
  3 rats
49 creatures vanquished.

Notes
Turn   | Place    | Note
-------+----------+-------------------------------------------
     0 | D:1      | Alter the Demonspawn Fighter began the quest for the Orb.
     0 | D:1      | Reached XP level 1. HP: 18/18 MP: 1/1
   144 | D:1      | Gained mutation: Spells you cast may paralyse adjacent
                  | enemies. [demonic ancestry]
   144 | D:1      | Reached XP level 2. HP: 23/24 MP: 2/2
   977 | D:1      | Reached XP level 3. HP: 29/29 MP: 3/3
  1331 | D:2      | Found a faded altar of an unknown god.
  2043 | D:3      | Found an iron altar of Okawaru.
  2135 | D:3      | Found an ornate altar of the Wu Jian Council.
  2978 | D:4      | Noticed Robin
  2991 | D:3      | Reached XP level 4. HP: 11/35 MP: 4/4
  2993 | D:3      | Succumbed to a goblin's poison

Illustrated notes

Levels and vault maps discovered:
D:1:      dpeg_arrival_yet_another_circle, layout_rooms
D:2:      layout_basic, shapermc_ecumenical_altar_venn, kennysheep_another_room
D:3:      layout_loops_corners, okawaru_metal_pillars_3, old_standard_altar
D:4:      layout_cave_pools, kennysheep_slug_shrine, old_standard_altar,
          gup_sewer_entry_pipe, gammafunk_ghost_arena, serial_shops, shop,
          serial_column_ruins, column_ruins_grid_3, column_ruins_grid_4,
          column_ruins_open_medium, column_ruins_open_tiny,
          column_ruins_corridor_T, uniq_robin, uniq_grinder

Skill      XL: |  1  2 |
---------------+-------+-----
Shields        | 3 |  3.2
Maces & Flails | 2 |  2.6
Fighting       | |  3.5
Armour         | |  2.9
Dodging        | |  0.2
Stealth        | |  0.2

Action                   |  1- 3 |  4- 6 || total
-------------------------+-------+-------++-------
Melee: Flail             |   145 |     3 ||   148
  Use: Scroll            |     5 |       ||     5
       Potion            |     2 |       ||     2
Armor: Scale mail        |    90 |       ||    90
Dodge: Dodged            |    53 |     1 ||    54
Block: Kite shield       |    73 |     1 ||    74

Table legend: (Time is in decaauts)
 A = Elapsed time spent in this place.
 B = Non-inter-level travel time spent in this place.
 C = Inter-level travel time spent in this place.
 D = Time resting spent in this place.
 E = Time spent auto-exploring this place.
 F = Levels seen in this place.
 G = Mean time per level.
                   A        B        C        D        E       F      G
               +--------+--------+--------+--------+--------+-----+--------+
         Total |   3071 |   3071 |      0 |    520 |   1717 |   4 |  767.8 |
       Dungeon |   3071 |   3071 |      0 |    520 |   1717 |   4 |  767.8 |
               +--------+--------+--------+--------+--------+-----+--------+

Top non-repeatable levels by time:
     D:1: 1250 daAuts
     D:3: 968 daAuts
     D:2: 850 daAuts
     D:4: 1 daAuts
